General information
- name: BNet
- type: Ladder team game (AT/RT)
- host: Battle.net
- saver: dogsandhorse.ru
map: SunrockCove
- players: 6
- length: 17:02
- speed: Fast
- version: 1.26 W3XP
- replay type:

» download(120 KB)
Players
team 1 (loser)

»
KoRn[GER] (
green | 68 APM | 1158 actions | 17:01)
3 Blademaster
1 Wind Walk
2 Critical Strike
1 Shadow Hunter
1 Healing Wave
» actions
| Assign group hotkey | 80 | |
| Build / train | 53 | |
| Enter build submenu | 26 | |
| Enter hero's abilities submenu | 4 | |
| Give item / drop item | 2 | |
| Remove unit from queue | 1 | |
| Right click | 704 | |
| Select / deselect | 198 | |
| Select group hotkey | 25 | |
| Use ability | 65 | |
1158 total
» units
| Peon | 15 | |
| Grunt | 5 | |
| Troll Batrider | 15 | |
35 total
» upgrades
| Spiked Barricades | 1 | |
| Liquid Fire | 1 | |
2 total
» buildings
| Altar of Storms | 1 | |
| Orc Burrow | 5 | |
| Barracks | 1 | |
| Voodoo Lounge | 1 | |
| Stronghold | 1 | |
| War Mill | 1 | |
| Watch Tower | 9 | |
| Beastiary | 2 | |
| Great Hall | 1 | |
| Fortress | 1 | |
23 total
» build order
00:10 Altar of Storms
00:23 Orc Burrow
01:36 Barracks
01:54 Orc Burrow
02:10 Voodoo Lounge
03:37 Stronghold
03:40 War Mill
05:18 Watch Tower
05:20 Watch Tower
05:22 Watch Tower
05:25 Watch Tower
05:30 Watch Tower
05:58 Orc Burrow
06:45 Beastiary
07:26 Great Hall
07:43 Orc Burrow
07:51 Watch Tower
07:59 Watch Tower
08:07 Watch Tower
08:19 Watch Tower
09:59 Fortress
10:10 Orc Burrow
10:59 Beastiary
» items
| Scroll of Speed | 1 | |
| Lesser Clarity Potion | 1 | |
| Healing Salve | 2 | |
| Dust of Appearance | 2 | |
| Potion of Healing | 1 | |
7 total
SnEaMp0r (
yellow | 84 APM | 1187 actions | 14:12)
2 Blood Mage
1 Siphon Mana
1 Flame Strike
» actions
| Assign group hotkey | 15 | |
| Basic commands | 4 | |
| Build / train | 46 | |
| Enter build submenu | 18 | |
| Enter hero's abilities submenu | 2 | |
| Give item / drop item | 2 | |
| Remove unit from queue | 4 | |
| Right click | 532 | |
| Select / deselect | 233 | |
| Select group hotkey | 244 | |
| Use ability | 87 | |
1187 total
» units
» upgrades
» buildings
| Altar of Kings | 1 | |
| Farm | 1 | |
| Arcane Vault | 1 | |
| Scout Tower | 9 | |
| Arcane Tower | 3 | |
| Lumber Mill | 1 | |
| Guard Tower | 3 | |
| Town Hall | 1 | |
| Keep | 1 | |
21 total
» build order
00:07 Altar of Kings
00:19 Farm
00:50 Arcane Vault
01:53 Scout Tower
02:27 Arcane Tower
02:59 Scout Tower
03:02 Lumber Mill
04:50 Arcane Tower
05:01 Scout Tower
05:35 Guard Tower
07:58 Town Hall
08:02 Scout Tower
09:46 Keep
10:21 Scout Tower
10:29 Arcane Tower
11:01 Scout Tower
11:03 Guard Tower
11:34 Scout Tower
11:35 Guard Tower
12:15 Scout Tower
13:57 Scout Tower
» items
| Lesser Clarity Potion | 4 | |
| Mechanical Critter | 4 | |
| Scroll of Regeneration | 5 | |
| Boots of Speed | 1 | |
| Staff of Teleportation | 1 | |
| Potion of Healing | 3 | |
| Scroll of Town Portal | 2 | |
20 total

»
soschiro (
teal | 81 APM | 1196 actions | 14:48)
3 Dreadlord
2 Vampiric Aura
1 Sleep
» actions
| Assign group hotkey | 99 | |
| Basic commands | 37 | |
| Build / train | 55 | |
| Enter build submenu | 21 | |
| Enter hero's abilities submenu | 3 | |
| Give item / drop item | 1 | |
| Right click | 628 | |
| Select / deselect | 270 | |
| Select group hotkey | 23 | |
| Use ability | 59 | |
1196 total
» units
| Acolyte | 9 | |
| Ghoul | 22 | |
| Necromancer | 3 | |
| Obsidian Statue | 1 | |
| Meatwagon | 1 | |
36 total
» upgrades
» buildings
| Altar of Darkness | 1 | |
| Crypt | 3 | |
| Ziggurat | 8 | |
| Tomb of Relics | 1 | |
| Nerubian Tower | 2 | |
| Halls of the Dead | 1 | |
| Graveyard | 1 | |
| Necropolis | 1 | |
| Spirit Tower | 5 | |
| Temple of the Damned | 2 | |
| Slaughterhouse | 1 | |
| Black Citadel | 1 | |
27 total
» build order
00:09 Altar of Darkness
00:15 Crypt
00:27 Ziggurat
00:31 Crypt
00:50 Crypt
01:18 Tomb of Relics
01:31 Ziggurat
02:12 Ziggurat
03:27 Nerubian Tower
04:23 Halls of the Dead
06:16 Graveyard
06:22 Nerubian Tower
07:43 Necropolis
08:10 Spirit Tower
09:18 Temple of the Damned
09:35 Slaughterhouse
09:41 Ziggurat
09:47 Ziggurat
10:10 Ziggurat
10:12 Ziggurat
10:24 Ziggurat
10:37 Spirit Tower
11:37 Black Citadel
11:41 Spirit Tower
11:43 Spirit Tower
11:43 Spirit Tower
12:22 Temple of the Damned
» items
| Rod of Necromancy | 1 | |
| Dust of Appearance | 1 | |
| Potion of Healing | 1 | |
| Scroll of Town Portal | 2 | |
5 total
team 2 (winner)
dogsandhorse.ru (
red | 110 APM | 1877 actions | 17:02)
3 Archmage
2 Blizzard
1 Brilliance Aura
3 Mountain King
2 Storm Bolt
1 Bash
1 Paladin
1 Holy Light
» actions
| Assign group hotkey | 6 | |
| Basic commands | 9 | |
| Build / train | 82 | |
| Enter build submenu | 45 | |
| Enter hero's abilities submenu | 8 | |
| Give item / drop item | 5 | |
| Right click | 1128 | |
| Select / deselect | 319 | |
| Select group hotkey | 148 | |
| Use ability | 127 | |
1877 total
» units
| Peasant | 16 | |
| Priest | 1 | |
| Sorceress | 1 | |
18 total
» upgrades
| Masonry | 2 | |
| Magic Sentry | 1 | |
| Sorceress Training | 2 | |
| Priest Training | 2 | |
7 total
» buildings
| Altar of Kings | 1 | |
| Farm | 3 | |
| Lumber Mill | 1 | |
| Scout Tower | 68 | |
| Arcane Tower | 5 | |
| Guard Tower | 25 | |
| Keep | 1 | |
| Arcane Vault | 1 | |
| Town Hall | 1 | |
| Castle | 1 | |
| Arcane Sanctum | 1 | |
108 total
» build order
00:07 Altar of Kings
00:18 Farm
00:34 Lumber Mill
00:49 Farm
01:13 Scout Tower
01:28 Scout Tower
01:29 Scout Tower
01:40 Scout Tower
01:47 Arcane Tower
01:47 Scout Tower
01:54 Scout Tower
01:56 Scout Tower
02:11 Arcane Tower
02:18 Guard Tower
02:19 Scout Tower
02:21 Scout Tower
02:23 Guard Tower
02:24 Scout Tower
02:43 Guard Tower
03:02 Guard Tower
03:08 Guard Tower
03:20 Guard Tower
03:42 Guard Tower
03:45 Scout Tower
03:45 Scout Tower
03:46 Scout Tower
03:47 Scout Tower
03:56 Keep
04:14 Guard Tower
04:18 Scout Tower
04:20 Scout Tower
04:21 Scout Tower
04:22 Scout Tower
04:23 Scout Tower
04:24 Scout Tower
04:24 Scout Tower
04:25 Scout Tower
04:58 Guard Tower
05:17 Scout Tower
05:18 Scout Tower
05:18 Scout Tower
05:31 Guard Tower
05:36 Scout Tower
05:37 Scout Tower
05:49 Guard Tower
06:05 Arcane Vault
06:05 Guard Tower
06:33 Farm
06:46 Guard Tower
06:48 Arcane Tower
06:48 Guard Tower
07:36 Town Hall
07:47 Scout Tower
07:48 Scout Tower
07:49 Scout Tower
07:49 Scout Tower
07:50 Scout Tower
07:50 Scout Tower
09:23 Scout Tower
09:24 Scout Tower
09:24 Scout Tower
09:46 Castle
09:58 Arcane Sanctum
09:59 Guard Tower
10:06 Scout Tower
10:07 Scout Tower
10:07 Scout Tower
10:09 Scout Tower
10:09 Scout Tower
10:10 Scout Tower
10:10 Scout Tower
10:17 Guard Tower
10:19 Scout Tower
10:22 Scout Tower
10:23 Scout Tower
10:23 Scout Tower
10:24 Scout Tower
10:52 Guard Tower
11:37 Guard Tower
11:42 Scout Tower
11:42 Scout Tower
11:49 Guard Tower
11:49 Guard Tower
12:19 Guard Tower
12:26 Guard Tower
13:38 Guard Tower
14:34 Scout Tower
14:38 Scout Tower
14:39 Scout Tower
14:39 Scout Tower
14:40 Scout Tower
14:40 Scout Tower
14:41 Scout Tower
15:05 Scout Tower
15:06 Scout Tower
15:06 Scout Tower
15:09 Scout Tower
15:09 Scout Tower
15:11 Scout Tower
15:13 Scout Tower
15:13 Scout Tower
15:14 Scout Tower
15:16 Arcane Tower
15:17 Guard Tower
15:21 Guard Tower
15:26 Arcane Tower
15:27 Scout Tower
15:28 Scout Tower
» items
| Healing Salve | 2 | |
| Staff of Teleportation | 2 | |
| Boots of Speed | 2 | |
| Orb of Lightning | 1 | |
| Scroll of Town Portal | 1 | |
8 total
GoToYurup (
pink | 98 APM | 1662 actions | 17:02)
3 Blademaster
2 Wind Walk
1 Critical Strike
» actions
| Assign group hotkey | 317 | |
| Basic commands | 3 | |
| Build / train | 55 | |
| ESC pressed | 2 | |
| Enter build submenu | 48 | |
| Enter hero's abilities submenu | 3 | |
| Remove unit from queue | 1 | |
| Right click | 634 | |
| Select / deselect | 213 | |
| Select group hotkey | 270 | |
| Use ability | 116 | |
1662 total
» units
» upgrades
| Spiked Barricades | 1 | |
| Liquid Fire | 1 | |
| Ranged Weapons | 3 | |
5 total
» buildings
| Altar of Storms | 1 | |
| Orc Burrow | 4 | |
| War Mill | 1 | |
| Watch Tower | 27 | |
| Voodoo Lounge | 4 | |
| Stronghold | 2 | |
| Fortress | 3 | |
| Beastiary | 3 | |
45 total
» build order
00:01 Altar of Storms
00:06 Orc Burrow
00:27 War Mill
01:15 Orc Burrow
01:38 Watch Tower
01:55 Watch Tower
02:28 Watch Tower
02:43 Watch Tower
02:56 Voodoo Lounge
03:20 Watch Tower
04:01 Voodoo Lounge
04:30 Watch Tower
04:32 Watch Tower
04:34 Stronghold
04:34 Stronghold
04:50 Watch Tower
05:02 Voodoo Lounge
05:38 Watch Tower
05:38 Watch Tower
05:43 Orc Burrow
06:01 Watch Tower
06:05 Watch Tower
06:21 Voodoo Lounge
06:42 Watch Tower
07:05 Watch Tower
07:38 Fortress
07:38 Fortress
07:50 Watch Tower
08:03 Beastiary
08:04 Beastiary
08:08 Beastiary
08:45 Watch Tower
08:46 Watch Tower
09:20 Watch Tower
09:57 Orc Burrow
10:12 Watch Tower
10:13 Watch Tower
10:27 Watch Tower
10:27 Watch Tower
11:35 Watch Tower
11:36 Watch Tower
12:37 Watch Tower
12:53 Watch Tower
12:54 Watch Tower
» items
| Boots of Speed | 1 | |
| Staff of Teleportation | 2 | |
| Lesser Clarity Potion | 2 | |
| Healing Salve | 1 | |
| Orb of Lightning | 1 | |
7 total
nutsonyochin.DE (
purple | 73 APM | 1239 actions | 17:02)
4 Warden
2 Shadow Strike
2 Blink
» actions
| Assign group hotkey | 3 | |
| Basic commands | 21 | |
| Build / train | 52 | |
| ESC pressed | 1 | |
| Enter build submenu | 27 | |
| Enter hero's abilities submenu | 4 | |
| Give item / drop item | 4 | |
| Right click | 728 | |
| Select / deselect | 113 | |
| Select group hotkey | 223 | |
| Use ability | 63 | |
1239 total
» units
» upgrades
| Ultravision | 1 | |
| Nature's Blessing | 1 | |
| Well Spring | 1 | |
3 total
» buildings
| Altar of Elders | 1 | |
| Moon Well | 21 | |
| Hunter's Hall | 1 | |
| Tree of Ages | 1 | |
| Tree of Life | 2 | |
| Ancient of Wonders | 1 | |
| Tree of Eternity | 1 | |
28 total
» build order
00:04 Altar of Elders
00:09 Moon Well
01:51 Moon Well
03:20 Hunter's Hall
04:06 Tree of Ages
05:59 Tree of Life
06:01 Moon Well
06:19 Ancient of Wonders
06:57 Tree of Eternity
08:14 Moon Well
08:14 Moon Well
08:18 Moon Well
08:19 Moon Well
08:28 Moon Well
08:28 Moon Well
11:37 Moon Well
11:37 Moon Well
11:38 Moon Well
11:44 Tree of Life
14:31 Moon Well
14:32 Moon Well
14:32 Moon Well
15:07 Moon Well
16:03 Moon Well
16:03 Moon Well
16:04 Moon Well
16:05 Moon Well
16:58 Moon Well
» items
| Staff of Teleportation | 1 | |
| Boots of Speed | 1 | |
| Orb of Venom | 1 | |
| Lesser Clarity Potion | 1 | |
4 total
Chat log
(02:39 / All) dogsandhorse.ru: what u gonna spend that Mana on
(04:54 / All) dogsandhorse.ru: LOL
(04:56 / All) dogsandhorse.ru: GOOD SURROUND!
(05:41 / All) dogsandhorse.ru: guys
(05:44 / All) dogsandhorse.ru: you are really, really terrible
(05:47 / All) dogsandhorse.ru: sorry to say it.,..
(05:55 / All) nutsonyochin.DE: sorry to...SPRAY IT!!
(14:52 / All) GoToYurup: :(
(14:52 / All) dogsandhorse.ru: lmao
(14:53 / All) GoToYurup: dont go
(15:50 / All) dogsandhorse.ru: LMAO
(15:52 / All) dogsandhorse.ru: all bats die
(15:57 / All) KoRn[GER]: ^^
(15:59 / All) dogsandhorse.ru: leave
(16:01 / All) dogsandhorse.ru: nazi scum
(16:56 / All) KoRn[GER]: bg
(16:58 / All) KoRn[GER]: bye
(16:59 / All) dogsandhorse.ru: LOL
(17:01 / All) GoToYurup: :(